 Dungeon Crawl Stone Soup version 0.31-a0-175-g9f7f995f2b (webtiles) character file.

Game seed: 14144892110393711887

36 jr51 the Trooper (level 3, 46/49 HPs)
             Began as a Hill Orc Fighter on June 16, 2023.
             Quit the game on level 2 of the Dungeon.
             The game lasted 00:09:10 (533 turns).

jr51 the Trooper (Hill Orc Fighter)                  Turns: 533, Time: 00:09:11

Health: 46/49      AC: 21    Str: 18    XL:     3   Next: 37%
Magic:  3/3        EV:  2    Int: 10    God:
Gold:   8          SH:  4    Dex: 10    Spells: 2/2 levels left

rFire   . . .        a - +0 war axe
rCold   . . .        c - +0 buckler
rNeg    . . .        h - melded +0 leather armour
rPois   +            (helmet currently unavailable)
rElec   .            (cloak currently unavailable)
rCorr   .            (gloves currently unavailable)
SInv    .            (boots currently unavailable)
Will    .....        (no amulet)
Stlth   +            (no ring)
HPRegen 0.28/turn    (no ring)
MPRegen 0.08/turn

%: no passive effects
@: tree-form
A: stationary, stasis, torment immunity, boosted hp
a: no special abilities


You were on level 2 of the Dungeon.
You were a tree.
You visited 1 branch of the dungeon, and saw 2 of its levels.

You collected 8 gold pieces.

Inventory:

Hand Weapons
 a - a +0 war axe (weapon)
 f - a +0 club
Missiles
 e - 14 stones
Armour
 b - a +0 scale mail
 c - a +0 buckler (worn)
 h - a +0 leather armour (melded)
Potions
 d - a potion of might


   Skills:
 + Level 4.2 Fighting
 + Level 3.1 Axes
 + Level 3.7 Armour
 + Level 0.1 Dodging
 + Level 3.7 Shields


You had 2 spell levels left.
You didn't know any spells.
Your spell library was empty.

Dungeon Overview and Level Annotations

Branches:
Dungeon (2/15)

Altars:


Message History

You cannot move.
You cannot move.
You cannot move.
You cannot move.
You cannot move.
You cannot move.
You cannot move.
You cannot move.
You cannot move.
You cannot move.
You cannot move.
You cannot move.
You cannot move.
You cannot move.
You cannot move.
You cannot move.
You cannot move.
You cannot move.
You cannot move.
You cannot move.
You cannot move.
You cannot move.
You cannot move.
You cannot move.
You cannot move.
You cannot move.
You cannot move.
You cannot move.
You cannot move.
You cannot move.
You cannot move.
You cannot move.
You cannot move.
You cannot move.
You cannot move.
You cannot move.
You cannot move.
Welcome back, jr51 the Hill Orc Fighter.
Press ? for a list of commands and other information.
Are you sure you want to abandon this character and quit the game? (Confirm with "yes".)

### #††.....
####.## #.†#####
##.#.#.## #†.# ##
#.....#.####..#....
##.##.............#
#..###.##........#
#.#.#.####........
#####.##.#
##.######
#...†♣.<.# #.#
#.###.##.# #.# #.#
# #+# #.. ##.# .#
.. ..


There were no monsters in sight!

Vanquished Creatures
  2 adders (D:2)
  A worm (D:2)
  A dart slug (D:2)
  2 ball pythons (D:2)
  A giant cockroach (D:2)
  A goblin (D:2)
  4 jackals (D:2)
  A rat (D:2)
13 creatures vanquished.

Notes
Turn   | Place    | Note
-------+----------+-------------------------------------------
     0 | D:1      | jr51 the Hill Orc Fighter began the quest for the Orb.
     0 | D:1      | Reached XP level 1. HP: 19/19 MP: 1/1
    53 | D:2      | Reached XP level 2. HP: 19/27 MP: 2/2
   192 | D:2      | Reached skill level 4 in Fighting
   214 | D:2      | Reached XP level 3. HP: 33/33 MP: 3/3
   533 | D:2      | Quit the game

Illustrated notes

Levels and vault maps discovered:
D:1:      dpeg_arrival_pits, layout_rooms, minmay_tiny_reverse_x
D:2:      layout_loops_corners, uniq_crazy_yiuf_cottage

Skill      XL: |  1  2 |
---------------+-------+-----
Fighting       | 4 |  4.2
Axes           | 3 |  3.1
Armour         | |  3.7
Dodging        | |  0.1
Shields        | |  3.7

Action                     || total
---------------------------++-------
  Melee: War axe           ||    48
    Use: Scroll            ||     1
         Potion            ||     1
 Armour: Scale mail        ||    29
         Leather armour    ||     7
  Dodge: Dodged            ||    36
  Block: Buckler           ||    14

Table legend: (Time is in decaauts)
 A = Elapsed time spent in this place.
 B = Non-inter-level travel time spent in this place.
 C = Inter-level travel time spent in this place.
 D = Time resting spent in this place.
 E = Time spent auto-exploring this place.
 F = Levels seen in this place.
 G = Mean time per level.
                   A        B        C        D        E       F      G
               +--------+--------+--------+--------+--------+-----+--------+
         Total |    552 |    552 |      0 |    121 |      0 |   2 |  276.0 |
       Dungeon |    552 |    552 |      0 |    121 |      0 |   2 |  276.0 |
               +--------+--------+--------+--------+--------+-----+--------+

Top non-repeatable levels by time:
     D:2: 542 daAuts
     D:1: 10 daAuts
